Map: Moonlight Madness LE (Void)

Players

Pravis

  • Race: Zerg Zerg
  • League: Bronze

SticklerMac - Winner!

  • Race: Zerg Zerg
  • League: Bronze

VOD

Have the link to the VOD?

Description

Time

  • Played on: Aug. 11, 2015, 8:16 p.m.
  • Length: 10:41
Show
View Real Time Build Order
Export as new Build Order

Pravis Zerg 

Build Orders: Pool First 

Get SALT Encoding   

  12  0:08  Drone  
  12  0:09  Drone  
  14  0:21  Overlord  
  14  0:27  Extractor  
  13  0:41  Drone x2  
  15  0:51  Drone  
  16  0:58  Drone  
  16  1:03  Spawning Pool  
  17  1:04  Drone  
  17  1:16  Overlord  
  17  1:26  Drone  
  18  1:35  Drone  
  19  1:46  Drone  
  20  1:49  Queen  
  22  2:00  Hatchery  
  21  2:05  Zergling x2  
  22  2:14  Drone  
  23  2:33  Extractor  
  23  2:40  Drone  
  23  2:44  Overlord  
  23  2:53  Drone x2  
  23  2:54  Metabolic Boost  
  25  3:00  Baneling Nest  
  25  3:02  Lair  
  23  3:13  Drone  
  23  3:14  Drone x2, Queen  
  28  3:35  Zergling x6  
  28  3:36  Zergling x4  
  33  3:44  Zergling x4  
  35  3:58  Baneling x2  
  35  3:59  Zergling x8  
  34  4:05  Zergling x4  
  34  4:06  Zergling x4  
  34  4:08  Zergling x2  
  34  4:15  Zergling x2  
  34  4:24  Zergling x4  
  31  4:33  Zergling x4  
  31  4:38  Baneling  
  32  4:41  Zergling x2  
  32  4:43  Queen  
  34  4:51  Baneling x4  
  34  4:56  Zergling x6  
  36  5:01  Baneling  
  36  5:02  Baneling x4  
  36  5:12  Spine Crawler  
  27  5:27  Zergling x6  
  29  5:43  Zergling x2  
  29  5:45  Baneling  
  31  5:57  Zergling x10  
  32  6:07  Hatchery  
  19  6:13  Zergling x4  
  21  6:25  Zergling x2  
  22  6:32  Baneling  
  22  6:33  Baneling x2  
  22  6:39  Drone x4  
  26  6:45  Baneling  
  26  6:50  Drone  
  21  7:03  Queen  
  21  7:06  Zergling x4  
  24  7:15  Zergling x2  
  24  7:16  Zergling x2  
  24  7:22  Zergling x4  
  28  7:25  Baneling x2  
  21  7:47  Drone  
  22  7:56  Spine Crawler  
  21  8:01  Drone x3  
  24  8:13  Zergling x4  
  24  8:14  Zergling x6  
  28  8:26  Zergling x4  
  28  8:27  Zergling x6  
  28  8:36  Zergling x2  
  29  8:42  Baneling  
  29  8:43  Baneling  
  29  8:53  Baneling  
  29  8:57  Drone x2, Extractor  
  28  9:09  Zergling x2  
  25  9:10  Baneling x2  
  25  9:14  Zergling x2  
  26  9:20  Baneling  
  26  9:34  Hatchery, Drone x2  
  26  9:35  Drone  
  24  9:49  Zergling x4  
  24  9:50  Drone  
  24  9:52  Drone  
  26  10:03  Zergling x2  
  26  10:04  Zergling x2  
  28  10:10  Zergling x2  
  28  10:11  Baneling  
  28  10:12  Baneling  
Show
View Real Time Build Order
Export as new Build Order

SticklerMac Zerg - Winner!

Build Orders: Pool First 

Get SALT Encoding   

  12  0:01  Drone  
  13  0:12  Overlord  
  13  0:17  Drone  
  14  0:25  Overlord  
  14  0:30  Drone  
  14  0:35  Drone  
  16  0:52  Spawning Pool  
  16  0:54  Drone  
  17  0:57  Drone  
  17  1:02  Extractor  
  16  1:06  Drone  
  17  1:30  Hatchery  
  16  1:40  Queen  
  18  1:50  Spine Crawler  
  17  1:56  Drone x2  
  17  1:57  Drone  
  21  2:34  Drone  
  21  2:35  Zergling x4  
  24  2:42  Metabolic Boost  
  24  2:52  Queen  
  24  2:53  Zergling x6  
  28  3:00  Zergling x4  
  28  3:01  Zergling x6  
  33  3:08  Zergling x2  
  33  3:12  Overlord  
  34  3:15  Overlord  
  34  3:25  Zergling x4  
  36  3:36  Zergling x4  
  37  3:41  Zergling x4  
  37  3:42  Zergling x4  
  37  3:47  Zergling x4  
  43  4:01  Baneling Nest  
  41  4:05  Zergling x4  
  41  4:14  Zergling x2  
  41  4:15  Zergling x2  
  38  4:20  Zergling x4  
  35  4:35  Zergling x12  
  35  4:36  Zergling x4  
  43  4:44  Zergling x4  
  44  4:49  Baneling x2  
  44  4:50  Baneling x2  
  44  4:53  Zergling x2  
  45  5:01  Zergling x2  
  45  5:02  Zergling x2  
  33  5:22  Zergling x4  
  33  5:23  Zergling x8  
  34  5:30  Zergling x2  
  35  5:36  Zergling x2  
  35  5:42  Baneling x6  
  35  5:44  Zergling x2  
  36  5:52  Zergling x4  
  38  6:00  Zergling x4  
  36  6:09  Zergling x2  
  36  6:10  Zergling x2  
  35  6:17  Zergling x2  
  29  6:32  Baneling  
  29  6:33  Baneling x4  
  29  6:34  Baneling x2  
  29  6:35  Zergling x8  
  29  6:36  Zergling x2  
  34  6:51  Zergling x8  
  34  6:58  Zergling x4  
  33  7:02  Zergling x2  
  33  7:08  Zergling x2  
  35  7:16  Baneling x5  
  35  7:17  Baneling x3  
  35  7:21  Zergling x2  
  36  7:23  Drone  
  36  7:28  Drone  
  38  7:35  Zergling x4  
  38  7:42  Zergling x2  
  33  7:49  Zergling x2  
  33  7:54  Zergling x4  
  35  8:04  Zergling x6  
  38  8:15  Zergling x4  
  38  8:16  Zergling x4  
  42  8:26  Zergling x2  
  42  8:27  Zergling x6  
  43  8:31  Zergling x2  
  42  8:38  Zergling x2  
  42  8:40  Baneling x3  
  42  8:41  Baneling x2  
  40  8:49  Zergling x4  
  40  8:54  Zergling x2  
  32  9:12  Zergling x6  
  32  9:13  Zergling x8  
  39  9:17  Baneling  
  39  9:18  Baneling x3  
  39  9:19  Baneling  
  39  9:20  Baneling  
  39  9:22  Baneling  
  39  9:23  Baneling  
  39  9:25  Baneling  
  39  9:28  Drone  
  39  9:31  Drone  
  36  9:57  Zergling x16  
  42  10:11  Zergling x10  
  46  10:20  Zergling x4  
Tags
 
Add a new tag
Caveats
  • Supply blocks, unpowered buildings, or Contaminate may cause inaccurate times.
  • Supply counts are checked every 10 seconds.